 Dungeon Crawl Stone Soup version 0.24-a0-434-gd57e52fea8 (webtiles) character file.

Game seed: 16144283726585851268

15831 Azzok the Severer (level 12, -6/135 HPs)
             Began as a Hill Orc Berserker on June 15, 2019.
             Was the Champion of Trog.
             Mangled by a skeletal warrior
             ... wielding a +0 trident
             ... led by a death knight
              (14 damage)
             ... on level 11 of the Dungeon.
             The game lasted 00:18:37 (13157 turns).

Azzok the Severer (Hill Orc Berserker)             Turns: 13157, Time: 00:18:38

Health: -6/135     AC: 14    Str: 30    XL:     12   Next: 31%
Magic:  19/19      EV:  8    Int:  7    God:    Trog [******]
Gold:   708        SH:  6    Dex: 15    Spells: 11/11 levels left

rFire    . . .     SeeInvis .   J - +3 battleaxe (venom)
rCold    . . .     Gourm    .   (shield currently unavailable)
rNeg     . . .     Faith    .   E - +0 plate armour
rPois    .         Spirit   .   o - +0 helmet
rElec    .         Reflect  +   s - +1 cloak
rCorr    .         Harm     .   (no gloves)
MR       .....                  (no boots)
Stlth    ..........             D - +6 amulet of reflection
HPRegen  0.32/turn              r - +5 ring of dexterity
MPRegen  0.16/turn              (no ring)

@: berserking (expiring), slowed
A: no striking features
a: Berserk, Trog's Hand, Brothers in Arms, Renounce Religion


You were on level 11 of the Dungeon.
You worshipped Trog.
Trog was exalted by your worship.
You were very hungry.

You visited 1 branch of the dungeon, and saw 11 of its levels.
You also visited: Ossuary.

You collected 708 gold pieces.

Inventory:

Hand Weapons
 a - a +3 quarterstaff of chaos
 i - a +1 hand axe of draining
 n - a +2 war axe of venom
 F - a +0 scimitar of flaming
 J - a +3 battleaxe of venom (weapon)
Armour
 o - a +0 helmet (worn)
 s - a +1 cloak (worn)
 w - a +2 shield
 E - a +0 plate armour (worn)
Jewellery
 p - an uncursed ring of protection from fire
 r - a +5 ring of dexterity (left hand)
 D - a +6 amulet of reflection (around neck)
 G - an uncursed ring of stealth
Wands
 y - a wand of scattershot (3)
 C - a wand of acid (22)
 K - a wand of iceblast (4)
Scrolls
 b - 2 scrolls of fog {unknown}
 d - 7 scrolls of remove curse
 e - 2 scrolls of random uselessness {unknown}
 g - 7 scrolls of teleportation {unknown}
 h - 2 scrolls of enchant armour {unknown}
 k - a scroll of noise {unknown}
 u - 3 scrolls of amnesia {unknown}
 v - a scroll of enchant weapon {unknown}
 x - 2 scrolls of magic mapping
 z - a scroll of fear
 B - 2 scrolls of identify
 I - 3 scrolls of blinking {unknown}
Potions
 f - a potion of resistance
 l - 2 potions of curing
 m - 6 potions of might
 q - a potion of lignification
 t - 5 potions of heal wounds
 A - a potion of cancellation
 L - a potion of haste {unknown}
Miscellaneous
 H - a phantom mirror
Comestibles
 c - 17 rations
 j - 8 chunks of flesh


   Skills:
 - Level 3.6 Fighting
 + Level 20.2 Axes
 - Level 2.1 Armour
 - Level 1.5 Dodging
 - Level 10.0 Evocations


You had 11 spell levels left.
You didn't know any spells.
Your spell library was empty.

Dungeon Overview and Level Annotations

Branches:
Dungeon (11/15)            Temple (0/1) D:7            Lair (0/6) D:11
    Orc (0/2) D:10

Altars:
Gozag
Sif Muna
The Shining One


Message History

Trog accepts your kill.
You slice the freezing wraith!!
The skeletal warrior hits you from afar with a +0 trident.
* * * LOW HITPOINT WARNING * * *
The freezing wraith hits you but does no damage.
The freezing wraith hits you!
* * * LOW HITPOINT WARNING * * *
The freezing wraith drains your vigour!
You feel as though you will be slow longer.
You open the freezing wraith like a pillowcase!!!
You destroy the freezing wraith!
Trog accepts your kill.
The skeletal warrior hits you but does no damage.
You slice the wraith!!
The wraith is severely damaged.
The wraith hits you but does no damage.
You closely miss the wraith.
The wraith is severely damaged.
The skeletal warrior hits you from afar with a +0 trident!
You die...

▒▒▒▒▒▒▒▒▒▒▒▒▒▒▒ ▒·············▒
▒▒▒▒▒▒▒▒·············▒▒▒▒
·······'·············╬··▒
▒▒▒▒▒▒▒▒▒▒▒▒▒▒z······÷·····▒▒·▒
···············W@··†·▒▒▒▒▒▒▒▒·▒
···········▒▒▒▒▒▒▒▒▒·▒▒▒ ▒·▒
···········▒▒··········▒▒▒▒▒▒·▒
······<·····╬················>▒
·······h···▒▒··········▒▒▒▒▒▒▒▒
········W··▒▒·················▒
·······z·>·▒▒·················▒
···········▒▒·················▒
···········▒▒··········▒▒▒▒▒▒▒▒


You could see a skeletal warrior and a wraith.

Vanquished Creatures
  An orc warlord (D:8)
  A hydra (D:11)
  Erica (D:8)
  A death knight (D:11)
  An unseen horror (D:10)
  Psyche (D:8)
  2 freezing wraiths (D:11)
  2 trolls
  Grinder (D:3)
  4 hippogriffs
  Sigmund (D:2)
  A spriggan (D:9)
  A basilisk (D:11)
  A wraith (D:10)
  A hungry ghost (D:9)
  Grum (D:8)
  14 wargs (D:8)
  4 soldier ants (D:11)
  4 porcupines (D:11)
  A water moccasin (D:11)
  3 phantoms
  8 orc warriors
  2 sky beasts
  2 black bears (D:11)
  A necrophage (D:11)
  7 wolves
  4 ogres
  6 centaurs
  A crocodile (D:11)
  2 big kobolds
  5 bullfrogs
  Blork the orc (D:5)
  A wyvern zombie (D:10)
  8 scorpions
  7 killer bees
  4 wights (D:6)
  A howler monkey (D:4)
  3 crimson imps
  A bullfrog zombie (D:6)
  8 hounds
  2 jellies
  6 orc priests
  Crazy Yiuf (D:2)
  4 bullfrog skeletons
  Jessica (D:2)
  2 iguanas
  8 orc wizards
  22 worker ants
  8 big kobold zombies (Ossuary)
  A mummy (Ossuary)
  Robin (D:2)
  9 adders
  7 gnolls
  2 shadow imps
  An ooze (D:7)
  An adder zombie (D:8)
  2 worms
  2 dart slugs
  6 leopard geckos
  67 orcs
  6 spectral bats (Ossuary)
  8 giant cockroaches
  4 gnoll zombies (Ossuary)
  17 goblins
  4 hobgoblins
  6 jackals
  17 kobolds
  8 quokkas
  3 ball pythons
  7 bats
  2 bat simulacra (Ossuary)
  2 frilled lizards
  5 goblin simulacra (Ossuary)
  4 goblin zombies (Ossuary)
  6 hobgoblin zombies (Ossuary)
  A kobold simulacrum (Ossuary)
  7 kobold zombies (Ossuary)
  An orc zombie (Ossuary)
  A quokka skeleton (D:4)
  6 rats
  3 rat simulacra (Ossuary)
  3 spectral goblins (Ossuary)
  3 spectral kobolds (Ossuary)
  3 spectral rats (Ossuary)
  A fungus (D:11)
  5 plants (D:11)
405 creatures vanquished.

Vanquished Creatures (others)
  A centaur (D:8)
  A kobold (D:9)
2 creatures vanquished.

Grand Total: 407 creatures vanquished

Notes
Turn   | Place    | Note
-------+----------+-------------------------------------------
     0 | D:1      | Azzok the Hill Orc Berserker began the quest for the Orb.
     0 | D:1      | Reached XP level 1. HP: 19/19 MP: 1/1
   389 | D:1      | Reached XP level 2. HP: 23/26 MP: 2/2
   603 | D:1      | Reached skill level 5 in Axes
   843 | D:2      | Noticed Robin
   852 | D:2      | Noticed Sigmund
   856 | D:2      | Killed Robin
   856 | D:2      | Reached XP level 3. HP: 24/31 MP: 3/3
  1009 | D:2      | Reached skill level 6 in Axes
  1019 | D:2      | Killed Sigmund
  1019 | D:2      | Reached skill level 8 in Axes
  1019 | D:2      | Reached XP level 4. HP: 7/39 MP: 4/4
  1019 | D:2      | Reached XP level 5. HP: 9/45 MP: 5/5
  1306 | D:2      | Reached ** piety under Trog
  1361 | D:2      | Noticed Jessica
  1367 | D:2      | Killed Jessica
  1367 | D:2      | Reached XP level 6. HP: 38/51 MP: 6/6
  1546 | D:2      | Found a runed translucent door.
  1547 | D:2      | Noticed Crazy Yiuf
  1656 | D:2      | Reached skill level 9 in Axes
  1935 | D:2      | Killed Crazy Yiuf
  2009 | D:3      | Noticed Grinder
  2017 | D:3      | Killed Grinder
  2017 | D:3      | Reached skill level 10 in Axes
  2017 | D:3      | Reached XP level 7. HP: 57/57 MP: 7/7
  3193 | D:4      | Reached skill level 11 in Axes
  3207 | D:4      | Found a deep blue altar of Sif Muna.
  3349 | D:4      | Reached *** piety under Trog
  3838 | D:5      | Entered Level 5 of the Dungeon
  4009 | D:5      | Reached XP level 8. HP: 64/64 MP: 8/8
  4028 | D:5      | Reached skill level 12 in Axes
  4298 | D:5      | Noticed Blork the orc
  4305 | D:5      | Killed Blork the orc
  4355 | D:5      | Reached skill level 13 in Axes
  4693 | D:6      | Reached skill level 14 in Axes
  4790 | D:6      | Reached XP level 9. HP: 63/70 MP: 9/9
  4912 | D:6      | Reached **** piety under Trog
  5347 | D:6      | Reached skill level 15 in Axes
  5823 | D:7      | Reached skill level 1 in Evocations
  6341 | D:7      | Found a staircase to the Ecumenical Temple.
  6952 | D:8      | Reached skill level 16 in Axes
  6953 | D:8      | Reached XP level 10. HP: 53/77 MP: 11/13
  7156 | D:8      | Noticed Erica
  7173 | D:8      | Killed Erica
  7173 | D:8      | Reached skill level 5 in Evocations
  7233 | D:8      | Found a sand-covered staircase.
  7240 | Ossuary  | Entered an ossuary
  7646 | Ossuary  | Reached ***** piety under Trog
  8233 | D:8      | Received a gift from Trog
  8313 | D:8      | Noticed an orc warlord
  8370 | D:8      | Killed an orc warlord
  8370 | D:8      | Reached skill level 17 in Axes
  8469 | D:8      | Noticed Grum
  8481 | D:8      | Killed Grum
  8563 | D:8      | Reached XP level 11. HP: 70/82 MP: 16/16
  9246 | D:8      | Reached skill level 18 in Axes
  9528 | D:8      | Noticed Psyche
  9545 | D:8      | Killed Psyche
  9779 | D:8      | Noticed a cyan ugly thing
 10392 | D:9      | Found a glowing golden altar of the Shining One.
 10438 | D:9      | Received a gift from Trog
 11092 | D:10     | Entered Level 10 of the Dungeon
 11658 | D:10     | Killed an unseen horror
 11777 | D:10     | Found an opulent altar of Gozag.
 11814 | D:10     | Found a staircase to the Orcish Mines.
 12006 | D:11     | Found a staircase to the Lair.
 12021 | D:11     | Reached skill level 10 in Evocations
 12048 | D:11     | Reached skill level 19 in Axes
 12207 | D:11     | Noticed a six-headed hydra
 12215 | D:11     | Killed a two-headed hydra
 12215 | D:11     | Reached XP level 12. HP: 84/90 MP: 19/19
 12778 | D:11     | Reached ****** piety under Trog
 13126 | D:11     | Noticed a death knight
 13150 | D:11     | Received a gift from Trog
 13154 | D:11     | Reached skill level 20 in Axes
 13154 | D:11     | Killed a death knight
 13157 | D:11     | Mangled by a skeletal warrior

Levels and vault maps discovered:
D:1:      dpeg_arrival_houses_and_road, layout_basic, minmay_pentomino_o4
D:2:      layout_rooms, uniq_robin, uniq_crazy_yiuf_cottage, uniq_sigmund,
          uniq_jessica
D:3:      layout_basic, uniq_grinder
D:4:      layout_cave_pods, first_ration, led_sif_book
D:5:      layout_cave_pools, uniq_blork_the_orc
D:6:      kb_forest_paths, layout_basic, serial_corexii_hall,
          corexii_hall_statues_l, chequers_hall_statues_corner_a
D:7:      layout_basic, minmay_temple_entry_antechambers
D:8:      lemuel_castle_with_subvaults [lemuel_castle_interior_original],
          layout_basic, enter_ossuary_1, uniq_erica, uniq_grum, uniq_psyche
D:9:      layout_stronghold, marbit_many_paths, serial_column_ruins,
          column_ruins_square_large, column_ruins_hut, column_ruins_open_large,
          column_ruins_columns_straight, column_ruins_open_tiny,
          column_ruins_open_tiny, column_ruins_columns_straight,
          column_ruins_open_tiny, column_ruins_grid_1, the_bakery,
          kennysheep_generic_room_16
D:10:     layout_roguey, orc_0_dummy, grunt_gozag_breadcrumbs
D:11:     layout_basic, minmay_lair_entry_grove, minmay_another_anthill,
          uniq_snorg

Skill      XL: |  1  2  3  4  5  6  7  8  9 10 11 12 |
---------------+-------------------------------------+-----
Axes           | 5 8 10 11 14 16 17 19 20 | 20.2
Evocations     | 4 7 10 | 10.0
Fighting       | |  3.6
Armour         | |  2.1
Dodging        | |  1.5

Action                   |  1- 3 |  4- 6 |  7- 9 | 10-12 || total
-------------------------+-------+-------+-------+-------++-------
Melee: Hand axe          |    68 |    57 |   396 |   448 ||   969
       Scimitar          |       |       |       |    64 ||    64
       Battleaxe         |       |       |       |   245 ||   245
       War axe           |       |       |       |    22 ||    22
Invok: Berserk           |     2 |     1 |     6 |     6 ||    15
Evoke: Wand              |       |       |       |     1 ||     1
  Use: Scroll            |       |       |     1 |    11 ||    12
  Eat: Chunk             |     5 |    10 |    17 |    17 ||    49
       Ration            |       |       |       |     2 ||     2
Armor: Animal skin       |     5 |       |       |       ||     5
       Leather armour    |    15 |       |       |       ||    15
       Ring mail         |       |    12 |    15 |       ||    27
       Chain mail        |       |       |   101 |       ||   101
       Plate armour      |       |       |    22 |   241 ||   263
Dodge: Dodged            |    58 |    27 |   106 |    80 ||   271
Block: Shield            |       |       |    27 |   280 ||   307
       Other             |       |       |    19 |    47 ||    66
       Reflection        |       |       |       |    24 ||    24
       Rpst.: Scimitar   |       |       |       |     3 ||     3

Table legend:
 A = Non-vault XP
 B = Vault XP
 C = Vault XP percentage of total XP
 D = Non-vault monster count
 E = Vault monster count
 F = Vault count percentage of total count
                 A         B        C        D         E       F
            +---------+---------+-------+---------+---------+-------
      Total |   11426 |   11191 |  49.5 |     222 |     179 |  44.6
            +---------+---------+-------+---------+---------+-------
        D:1 |      15 |       9 |  37.5 |       9 |       5 |  35.7
        D:2 |      64 |     338 |  84.1 |      21 |      14 |  40.0
        D:3 |      71 |     258 |  78.4 |      20 |       1 |   4.8
        D:4 |     291 |       0 |   0.0 |      18 |       0 |   0.0
        D:5 |     704 |      90 |  11.3 |      18 |       1 |   5.3
        D:6 |    1030 |     265 |  20.5 |      27 |       5 |  15.6
        D:7 |     790 |       0 |   0.0 |      23 |       0 |   0.0
        D:8 |     989 |    6867 |  87.4 |      15 |      66 |  81.5
        D:9 |    1068 |     567 |  34.7 |      20 |       3 |  13.0
       D:10 |    2918 |       0 |   0.0 |      36 |       0 |   0.0
       D:11 |    3486 |    2506 |  41.8 |      15 |      27 |  64.3
    Ossuary |       0 |     291 | 100.0 |       0 |      57 | 100.0
            +---------+---------+-------+---------+---------+-------
